 Dungeon Crawl Stone Soup version 0.30-a0-142-g7370640ec8 (webtiles) character file.

Game seed: 12586891711364997226

51 qw the Chopper (level 3, 0/23 HPs)
             Began as a Gargoyle Fighter on Sept 26, 2022.
             Slain by an iron imp (6 damage)
             ... summoned by Natasha
             ... on level 2 of the Dungeon.
             The game lasted 00:00:22 (1038 turns).

qw the Chopper (Gargoyle Fighter)                   Turns: 1038, Time: 00:00:23

Health: 0/23       AC: 11    Str: 21    XL:     3   Next: 81%
Magic:  3/3        EV:  9    Int:  8    God:
Gold:   31         SH:  4    Dex:  9    Spells: 2/2 levels left

rFire   . . .      SeeInvis .    Y - +0 war axe
rCold   . . .      Faith    .    c - +0 buckler
rNeg    + . .      Spirit   .    b - +0 scale mail
rPois   inf        Reflect  .    i - +0 helmet
rElec   +          Harm     .    (no cloak)
rCorr   .          Rampage  .    (no gloves)
Will    .....                    (no boots)
Stlth   ..........               (no amulet)
HPRegen 0.07/turn                (no ring)
MPRegen 0.08/turn                (no ring)

@: slowed, very slow
A: sickness immunity, AC +3, negative energy resistance 1, electricity
resistance, torment resistance 1, petrification resistance
a: no special abilities


You were on level 2 of the Dungeon.
You visited 1 branch of the dungeon, and saw 2 of its levels.

You collected 31 gold pieces.


Innate Abilities, Weirdness & Mutations

You are immune to sickness and miasma.
Your stone body is resilient. (AC +3)
You are immune to poison.
You resist negative energy. (rN+)
You are resistant to electric shocks. (rElec)
You are resistant to unholy torment.
You are immune to petrification.


   Skills:
 - Level 3.2 Fighting
 + Level 3.6 Axes
 - Level 3.2 Armour
 - Level 3.2 Shields


You had 2 spell levels left.
You didn't know any spells.
Your spell library was empty.

Inventory:

Hand Weapons
 g - a +0 whip of flaming
 Y - a +0 war axe (weapon)
Armour
 b - a +0 scale mail (worn)
 c - a +0 buckler (worn)
 i - a +0 helmet (worn)
Scrolls
 a - a scroll of identify
Potions
 d - 2 potions of might

Dungeon Overview and Level Annotations

Branches:
Dungeon (2/15)

Altars:

Annotations:
D:2 Natasha


Message History

Natasha's front paws start to glow.
Natasha casts a spell at you.
The magic dart hits you but does no damage.
The iron imp completely misses you.
Natasha stares at you and mumbles some strange words.
You feel yourself slow down.
You hit Natasha.
Natasha is almost dead.
You barely miss the iron imp. You block Natasha's attack.
The iron imp hits you but does no damage.
Natasha claws you but does no damage. The iron imp hits you.
You closely miss Natasha.
Natasha is almost dead.
You hit the iron imp but do no damage. Natasha casts a spell at you.
You resist with significant effort. You block the iron imp's attack.
Natasha claws you but does no damage.
You hit Natasha.
Natasha is almost dead.
You hit the iron imp.
The shadow imp disappears in a puff of smoke!
Natasha claws you.
The iron imp laughs crazily.
The iron imp hits you but does no damage.
The iron imp hits you. Natasha casts a spell at you.
The magic dart hits you but does no damage.
A ball python comes into view.
The shadow imp disappears for a moment.
You barely miss Natasha.
Natasha is almost dead.
The ball python hisses angrily.
You hit the iron imp. Natasha casts a spell at you. The magic dart hits you.
The iron imp disappears for a moment.
The iron imp barely misses you. Natasha barely misses you.
The iron imp hits you.
You die...

........# #.#
.###....#### #.#
##......#######.###
##.#..............## ##
.........######....# #.
###.#####.# ###..##### #.
#. #.# #......# #[ #
#.#########.###.# #.
###...5h@S....###.######.
#.%....5.................
#<#########..####.#######
#.# #..# #.# ..# #..# #.#
#### #..# #.# #..# #..
#..# ###


You could see an iron imp (summoned), Natasha, a shadow imp (summoned) and a
ball python.

Vanquished Creatures
  Natasha (D:2)
  An adder (D:2)
  A worm (D:2)
  A ball python (D:1)
  2 goblins (D:1)
  A hobgoblin (D:2)
  4 kobolds
  A quokka (D:1)
  A bat (D:1)
  2 rats (D:1)
15 creatures vanquished.

Vanquished Creatures (others)
  5 fungi (D:2)
  A plant (D:1)
6 creatures vanquished.

Grand Total: 21 creatures vanquished

Notes
Turn   | Place    | Note
-------+----------+-------------------------------------------
     0 | D:1      | qw the Gargoyle Fighter began the quest for the Orb.
     0 | D:1      | Reached XP level 1. HP: 14/14 MP: 1/1
     0 | D:1      | 0 ||| qw: Version: 0.2-a-10-g399e6c4
     0 | D:1      | 0 ||| qw: Game counter: 447
     0 | D:1      | 0 ||| qw: Always use a shield: true
     0 | D:1      | 0 ||| qw: God list: Okawaru
     0 | D:1      | 0 ||| qw: Allow faded altars: false
     0 | D:1      | 0 ||| qw: Do Orc after D:15 true
     0 | D:1      | 0 ||| qw: Do second Lair branch before Depths: true
     0 | D:1      | 0 ||| qw: Lair rune preference: random
     0 | D:1      | 0 ||| qw: Plans: Normal, Zot:1-4, God:TSO, Crypt, Tomb,
                  | Pan, Slime:5, Hells, Abyss, Orb
     0 | D:1      | 0 ||| PLANNING D:1-11
    32 | D:1      | 32 ||| Stepping ~*~*~tactically~*~*~ (stealth).
    35 | D:1      | 35 ||| Stepping ~*~*~tactically~*~*~ (stealth).
    42 | D:1      | 42 ||| Stepping ~*~*~tactically~*~*~ (stealth).
    67 | D:1      | Reached XP level 2. HP: 19/19 MP: 2/2
   102 | D:1      | Found a faded altar of an unknown god.
   638 | D:1      | 638 ||| UPGRADING to +0 helmet.
   643 | D:1      | 643 ||| READING 3 scrolls labelled IMUJIL RU WAUG.
   644 | D:1      | 644 ||| READING scroll labelled HILEEBLEUT.
   645 | D:1      | 645 ||| READING scroll labelled QEASES RESSER.
   646 | D:1      | 646 ||| READING 2 scrolls of identify.
   646 | D:1      | 646 ||| IDENTIFYING sapphire potion
   647 | D:1      | 647 ||| DROPPING potion of flight.
   752 | D:2      | Noticed Natasha
   760 | D:2      | Killed Natasha
   761 | D:2      | Reached skill level 3 in Axes
   761 | D:2      | Reached XP level 3. HP: 7/23 MP: 3/3
  1020 | D:2      | Noticed Natasha
  1038 | D:2      | Slain by an iron imp

Levels and vault maps discovered:
D:1:      eino_arrival_water_cross, layout_basic, shapermc_ecumenical_altar_venn
D:2:      layout_loops_ring, uniq_crazy_yiuf_cottage, uniq_natasha

Skill      XL: |  1  2 |
---------------+-------+-----
Axes           | 2 3 |  3.6
Fighting       | |  3.2
Armour         | |  3.2
Shields        | |  3.2

Action                   || total
-------------------------++-------
Melee: War axe           ||    78
  Use: Scroll            ||     4
Armor: Scale mail        ||    45
Dodge: Dodged            ||    36
Block: Buckler           ||    16

Table legend:
 A = Non-vault XP
 B = Vault XP
 C = Vault XP percentage of total XP
 D = Non-vault monster count
 E = Vault monster count
 F = Vault count percentage of total count
                 A         B        C        D         E       F
            +---------+---------+-------+---------+---------+-------
      Total |      38 |      35 |  47.9 |      14 |       1 |   6.7
            +---------+---------+-------+---------+---------+-------
        D:1 |      16 |       0 |   0.0 |      10 |       0 |   0.0
        D:2 |      22 |      35 |  61.4 |       4 |       1 |  20.0
            +---------+---------+-------+---------+---------+-------
